 Dungeon Crawl Stone Soup version 0.25.0-9-g26727b657a (webtiles) character file.

Game seed: 11901379971238856182

10985 protoss039 the Eclecticist (level 11, 0/55 HPs)
             Began as a Deep Elf Conjurer on June 18, 2020.
             Was an Elder of Vehumet.
             Killed by an exploding fulminant prism (24 damage)
             ... created by the player character
             ... on level 11 of the Dungeon.
             The game lasted 01:08:43 (12215 turns).

protoss039 the Eclecticist (Deep Elf Conjurer)     Turns: 12215, Time: 01:08:43

Health: 0/55       AC:  9    Str:  5    XL:     11   Next: 43%
Magic:  20/43      EV: 13    Int: 24    God:    Vehumet [****..]
Gold:   525        SH:  0    Dex: 15    Spells: 26/45 levels left

rFire    + . .     SeeInvis +   l - +5 mace of Sulphur {flame, rF+ SInv}
rCold    . . .     Gourm    .   (no shield)
rNeg     . . .     Faith    .   t - +0 steam dragon scales
rPois    .         Spirit   .   u - +1 hat
rElec    .         Reflect  .   (no cloak)
rCorr    .         Harm     .   g - +0 pair of gloves
MR       +....                  x - +1 pair of boots
Stlth    ++........             d - amulet of magic regeneration
HPRegen  0.18/turn              B - ring of magical power
MPRegen  0.53/turn              (no ring)

@: lethally poisoned (0 -> -20)
A: no striking features
a: Renounce Religion


You were on level 11 of the Dungeon.
You worshipped Vehumet.
Vehumet was greatly pleased with you.
You were not hungry.

You visited 2 branches of the dungeon, and saw 12 of its levels.

You collected 525 gold pieces.

Inventory:

Hand Weapons
 l - the +5 mace of Sulphur (weapon) {flame, rF+ SInv}
   (You found it on level 6 of the Dungeon)

   It has been specially enchanted to burn those struck by it, causing extra
   injury to most foes and up to half again as much damage against particularly
   susceptible opponents.
   It protects you from fire.
   It lets you see invisible.
 o - a +1 scimitar of electrocution
 C - a +2 dagger of venom
Armour
 a - a +0 robe
 g - a +0 pair of gloves (worn)
 t - +0 steam dragon scales (worn)
 u - a +1 hat (worn)
 x - a +1 pair of boots (worn)
Magical Staves
 E - an uncursed staff of fire
Jewellery
 d - an amulet of magic regeneration (around neck)
 A - a cursed -4 ring of intelligence {unknown}
 B - a ring of magical power (left hand)
Wands
 m - a wand of paralysis (9)
 n - a wand of random effects (14)
 r - a wand of acid (18)
 w - a wand of flame (23)
 G - a wand of disintegration (15)
Scrolls
 b - 2 scrolls of enchant weapon
 e - 5 scrolls of remove curse
 f - a scroll of identify
 y - 4 scrolls of teleportation
 F - a scroll of enchant armour
Potions
 h - a potion of stabbing
 j - 2 potions of flight
 k - 3 potions of curing
 p - 2 potions of resistance
 q - a potion of cancellation
 s - 2 potions of might
 v - 2 potions of heal wounds
 z - 2 potions of invisibility {unknown}
 D - a potion of brilliance {unknown}
Comestibles
 c - 14 rations
 i - 8 chunks of flesh


   Skills:
 + Level 0.9 Fighting
 - Level 0.3 Short Blades
 - Level 2.4 Dodging
 - Level 2.4 Stealth
 + Level 17.5 Spellcasting
 - Level 6.1 Conjurations
 + Level 12.5 Hexes
 * Level 1.8 Fire Magic
 * Level 2.0 Earth Magic


You had 26 spell levels left.
You knew the following spells:

 Your Spells              Type           Power        Failure   Level  Hunger
a - Magic Dart            Conj           ####         1%          1    None
b - Searing Ray           Conj           ######       1%          2    None
c - Dazzling Flash        Conj/Hex       ######       1%          3    None
d - Fulminant Prism       Conj/Hex       ######....   1%          4    None
e - Iskenderun's Mystic   Conj/Tloc      #####...     1%          4    None
f - Bolt of Magma         Conj/Fire/Erth #####.....   4%          5    None

Your spell library contained the following spells:

 Spells                   Type           Power        Failure   Level  Hunger
 Corona                   Hex            ######.      0%          1    None
 Animate Skeleton         Necr           N/A          2%          1    None
 Apportation              Tloc           ###...       2%          1    None
 Summon Small Mammal      Summ           ###.         2%          1    None


Dungeon Overview and Level Annotations

Branches:
Dungeon (11/15)            Temple (1/1) D:4            Lair (0/6) D:8
    Orc (0/2) D:9

Altars:
Ashenzari
Cheibriados
Dithmenos
Elyvilon
Fedhas
Gozag
Hepliaklqana
Kikubaaqudgha
Makhleb
Nemelex Xobeh
Okawaru
Qazlal
Ru
Sif Muna
Trog
Uskayaw
Vehumet
Wu Jian
Xom
Yredelemnul
Zin
The Shining One

Shops:
D:10 *   D:11 [


Message History

The searing ray hits the centaur warrior.
The centaur warrior is lightly wounded. (Press . to maintain the ray.)
Your fulminant prism crackles loudly.
Unknown command.
Unknown command.
Casting: Searing Ray (safe; 1% risk of failure)
Confirm with . or Enter, or press ? or * to list all spells.
The centaur warrior is dazzled.
The centaur warrior hits you with the cursed +0 broad axe of Equivalence {venom, rC+ Str+3 Dex+4}!
You are poisoned.
The centaur warrior hits your fulminant prism with the cursed +0 broad axe of Equivalence {venom, rC+ Str+3 Dex+4}!
The centaur warrior hits you with the cursed +0 broad axe of Equivalence {venom, rC+ Str+3 Dex+4}!
You are more poisoned.
The centaur warrior hits your fulminant prism with the cursed +0 broad axe of Equivalence {venom, rC+ Str+3 Dex+4}!
Your fulminant prism explodes!
The blast of energy engulfs the centaur warrior!!!
The centaur warrior is almost dead.
The blast of energy engulfs you!!
You die...

...# #..# ## #...## #
#.. ###.#..## .#
##.####
#.†.##..###)## #.....
#)##)....... #...#
###<#[÷##..# #...#
#([.c.([(..#
#..)####<.@.[(.(#.##
#...........(........
#...###))...†.###.###
#<..# ##......# ..
#...# #......# .
##### #).∩##...
#.....#....
#...........
#.......####


You could see a centaur warrior (blind).

Vanquished Creatures
  5 death yaks (D:8)
  An ugly thing (D:11)
  Maggie (D:9)
  A kobold demonologist (D:9)
  Grinder (D:6)
  2 hippogriffs
  9 yaks
  A hungry ghost (D:10)
  A vampire mosquito (D:11)
  Edmund (D:5)
  Duvessa (D:6)
  An ice beast (D:9)
  2 sky beasts
  2 black bears
  An eye of draining (D:8)
  2 orc warriors
  A phantom (D:5)
  A necrophage (D:10)
  6 ogres
  3 centaurs
  A crocodile (D:10)
  2 big kobolds
  8 bullfrogs
  4 scorpions
  Dowan (D:6)
  3 howler monkeys (D:8)
  2 wights (D:11)
  A bullfrog zombie (D:6)
  5 hounds
  2 quasits
  5 crimson imps
  A jelly (D:10)
  2 orc priests
  15 orc wizards
  2 centaur skeletons
  2 bullfrog skeletons
  4 iguanas
  Ijyb (D:3)
  Natasha (thrice) (D:2)
  Terence (D:1)
  9 worker ants
  Robin (D:3)
  6 gnolls
  11 adders
  4 shadow imps
  2 adder skeletons
  2 adder zombies
  2 worms
  3 dart slugs
  7 leopard geckos
  48 orcs
  11 bats
  4 giant cockroaches
  9 hobgoblins
  17 jackals
  5 quokkas
  7 frilled lizards
  15 goblins
  A jackal skeleton (D:6)
  25 kobolds
  2 leopard gecko skeletons
  A quokka skeleton (D:5)
  A quokka zombie (D:8)
  8 rats
  3 fulminant prisms
312 creatures vanquished.

Vanquished Creatures (others)
  80 fulminant prisms
80 creatures vanquished.

Grand Total: 392 creatures vanquished

Notes
Turn   | Place    | Note
-------+----------+-------------------------------------------
     0 | D:1      | protoss039 the Deep Elf Conjurer began the quest for the
                  | Orb.
     0 | D:1      | Reached XP level 1. HP: 10/10 MP: 6/6
   199 | D:1      | Reached XP level 2. HP: 15/15 MP: 2/8
   537 | D:1      | Learned a level 2 spell: Searing Ray
   756 | D:1      | Reached skill level 5 in Conjurations
  1460 | D:2      | Reached XP level 3. HP: 19/19 MP: 1/10
  1525 | D:2      | Noticed Terence
  1556 | D:1      | Killed Terence
  1556 | D:1      | Reached skill level 4 in Spellcasting
  1887 | D:2      | Reached XP level 4. HP: 24/24 MP: 0/12
  2035 | D:2      | Reached skill level 5 in Spellcasting
  2265 | D:2      | Learned a level 3 spell: Dazzling Flash
  2357 | D:2      | Reached XP level 5. HP: 28/28 MP: 11/14
  2401 | D:2      | Noticed Natasha
  2827 | D:2      | Found a faded altar of an unknown god.
  2992 | D:3      | Noticed Ijyb
  3002 | D:3      | Killed Ijyb
  3002 | D:3      | Reached skill level 6 in Spellcasting
  3148 | D:2      | Killed Natasha
  3360 | D:3      | Learned a level 4 spell: Fulminant Prism
  3387 | D:3      | Noticed Robin
  3388 | D:3      | Reached XP level 6. HP: 26/32 MP: 5/17
  3420 | D:2      | Reached skill level 1 in Hexes
  3452 | D:2      | Noticed Natasha
  3460 | D:2      | Killed Natasha
  3460 | D:2      | Reached skill level 7 in Spellcasting
  3634 | D:2      | Noticed Natasha
  3640 | D:2      | Killed Natasha
  3834 | D:3      | Killed Robin
  4504 | D:3      | Reached skill level 8 in Spellcasting
  4745 | D:4      | Reached XP level 7. HP: 36/36 MP: 11/20
  4902 | D:4      | Found a staircase to the Ecumenical Temple.
  4913 | D:4      | Reached skill level 9 in Spellcasting
  4918 | Temple   | Entered the Ecumenical Temple
  4965 | Temple   | Became a worshipper of Vehumet
  5630 | D:4      | Found an opulent altar of Gozag.
  5759 | D:5      | Entered Level 5 of the Dungeon
  5900 | D:5      | Reached * piety under Vehumet
  5900 | D:5      | Offered knowledge of Foxfire by Vehumet.
  6089 | D:5      | Reached skill level 10 in Spellcasting
  6216 | D:5      | Reached XP level 8. HP: 41/41 MP: 16/24
  6712 | D:5      | Reached skill level 11 in Spellcasting
  6803 | D:5      | Noticed Edmund
  6814 | D:5      | Killed Edmund
  6814 | D:5      | Reached skill level 5 in Hexes
  7263 | D:6      | Reached skill level 12 in Spellcasting
  7381 | D:6      | Noticed Dowan
  7381 | D:6      | Noticed Duvessa
  7389 | D:6      | Killed Dowan
  7680 | D:6      | Killed Duvessa
  7680 | D:6      | Offered knowledge of Sandblast by Vehumet.
  7846 | D:6      | Noticed Grinder
  7858 | D:6      | Killed Grinder
  7858 | D:6      | Reached ** piety under Vehumet
  7858 | D:6      | Reached XP level 9. HP: 20/45 MP: 17/27
  8108 | D:6      | Got a polished mace
  8109 | D:6      | Identified the +5 mace of Sulphur {flame, rF+ SInv} (You
                  | found it on level 6 of the Dungeon)
  8477 | D:7      | Reached skill level 13 in Spellcasting
  9255 | D:8      | Noticed a death yak
  9304 | D:8      | Killed a death yak
  9304 | D:8      | Reached skill level 14 in Spellcasting
  9370 | D:8      | Noticed a death yak
  9370 | D:8      | Noticed a death yak
  9372 | D:8      | Noticed a death yak
  9374 | D:8      | Noticed a death yak
  9382 | D:8      | Killed a death yak
  9382 | D:8      | Reached XP level 10. HP: 29/51 MP: 22/30
  9389 | D:8      | Killed a death yak
  9389 | D:8      | Reached skill level 15 in Spellcasting
  9392 | D:8      | Killed a death yak
  9392 | D:8      | Reached skill level 10 in Hexes
  9401 | D:8      | Killed a death yak
  9665 | D:8      | Offered knowledge of Ignite Poison by Vehumet.
  9674 | D:8      | Reached skill level 16 in Spellcasting
  9939 | D:8      | Reached *** piety under Vehumet
 10024 | D:8      | Found a staircase to the Lair.
 10242 | D:9      | Found a staircase to the Orcish Mines.
 10487 | D:9      | Noticed Maggie
 10497 | D:9      | Killed Maggie
 10518 | D:9      | Learned a level 4 spell: Iskenderun's Mystic Blast
 10594 | D:9      | Offered knowledge of Olgreb's Toxic Radiance by Vehumet.
 10597 | D:9      | Reached XP level 11. HP: 55/55 MP: 27/33
 10845 | D:10     | Entered Level 10 of the Dungeon
 10855 | D:10     | Found Junupuse's General Store.
 11196 | D:10     | Found an iron altar of Okawaru.
 11237 | D:10     | Reached **** piety under Vehumet
 11366 | D:10     | Reached skill level 17 in Spellcasting
 11526 | D:10     | Offered knowledge of Bolt of Magma by Vehumet.
 11533 | D:10     | Learned a level 5 spell: Bolt of Magma
 11977 | D:11     | Found Wufoll's Antique Armour Shop.
 11986 | D:11     | Noticed a white ugly thing
 12055 | D:11     | Killed a white ugly thing
 12055 | D:11     | Reached skill level 1 in Fire Magic
 12152 | D:11     | Reached skill level 1 in Earth Magic
 12206 | D:11     | Identified the cursed +0 broad axe of Equivalence {venom,
                  | rC+ Str+3 Dex+4}
 12206 | D:11     | Noticed a centaur warrior
 12215 | D:11     | Killed by an exploding fulminant prism

Illustrated notes

Levels and vault maps discovered:
D:1:      minmay_arrival_hallway, layout_basic
D:2:      layout_rooms, chequers_ecumenical_altar_lobes, uniq_natasha,
          uniq_terence
D:3:      layout_loops_ring, kennysheep_generic_room_6, uniq_robin, uniq_ijyb
D:4:      layout_rooms, kennysheep_little_box, minmay_temple_entry_sparse_star
D:5:      layout_gridville, first_ration, uniq_edmund
D:6:      layout_basic, uniq_duvessa, uniq_grinder
D:7:      layout_loops_cross
D:8:      layout_cave_pods, dpeg_lair_monsters
D:9:      layout_roguey, uniq_maggie
D:10:     layout_stronghold, serial_shops, shop, okawaru_metal_pillars_1_2
D:11:     minmay_the_grid_octo_triangle [minmay_the_grid_octo_teeth,
          minmay_the_grid_octo_prize_big_c, minmay_the_grid_octo_fat_diamond],
          layout_rooms, basic_altar, serial_shops, shop_coins, kennysheep_mini,
          shop, shop
Temple:   grunt_wide_crystal_templ

Skill      XL: |  1  2  3  4  5  6  7  8  9 10 11 |
---------------+----------------------------------+-----
Conjurations   | 5 6 |  6.1
Spellcasting   | 4 5 6 8 10 12 14 16 17 | 17.5
Hexes          | 2 4 6 9 12 | 12.5
Fire Magic     | 1 |  1.8
Earth Magic    | 2 |  2.0
Fighting       | |  0.9
Short Blades   | |  0.3
Dodging        | |  2.4
Stealth        | |  2.4

Action                   |  1- 3 |  4- 6 |  7- 9 | 10-12 || total
-------------------------+-------+-------+-------+-------++-------
Melee: Dagger            |    21 |       |       |       ||    21
       Short sword       |       |     8 |       |       ||     8
 Cast: Magic Dart        |    39 |   124 |   111 |    65 ||   339
       Searing Ray       |    21 |    40 |    68 |    43 ||   172
       Dazzling Flash    |       |     3 |     2 |     1 ||     6
       Fulminant Prism   |       |     3 |    19 |    62 ||    84
       Iskenderun's Myst |       |       |       |    10 ||    10
       Bolt of Magma     |       |       |       |     2 ||     2
  Use: Potion            |     1 |       |     2 |       ||     3
       Scroll            |       |       |     7 |    13 ||    20
  Eat: Chunk             |     3 |     9 |    11 |     8 ||    31
       Ration            |       |       |     1 |       ||     1
Armor: Robe              |     6 |    24 |     6 |     3 ||    39
       Steam dragon scal |       |       |       |     5 ||     5
Dodge: Dodged            |    16 |    49 |    33 |    20 ||   118
